AoeStats
← Rey de Copas

Black Forest

510396242Analyzed
4v4 RM · 1d ago on Sep 30, 2026· 64m 48s· 8 players
Game mode
Random Map
Map size
Large (8 player)
Population
200
Speed
Normal
Resources
Standard
Victory
Conquest
Starting age
Dark Age
Ending age
Imperial Age
RankedLock teamsTeams togetherTeam positionsShared explorationLock speedFull tech treeHidden civsTurbo modeCheats
Victory
Defeat
1187
+13
🇩🇪 Turks · Germany
1185
+13
🇩🇪 Britons · Germany
1113
+16
🇩🇪 Huns · Germany
816
+81
🇲🇽 Bulgarians · Mexico
1145
-18
🇺🇸 Khmer · United States
1138
-18
🇦🇷 Malay · Argentina
1098
-17
🇲🇽 Teutons · Mexico
1066
-16
Bailador Sensual
8:41 Loom
13:58 Feudal Age
17:50 Castle Age
16:31 Double-Bit Axe
16:30 Horse Collar
16:42 Stone Mining
16:44 Gold Mining
24:43 Wheelbarrow
27:10 Hand Cart
31:54 Imperial Age
30:20 Caravan
32:48 Stone Shaft Mining
32:41 Scale Barding Armor
32:47 Forging
33:10 Bloodlines
32:21 Cavalier
33:50 Siege Engineers
34:46 Chemistry
34:07 Ballistics
33:58 Masonry
34:06 Bow Saw
34:00 Heavy Plow
34:05 Paladin
36:31 Chain Barding Armor
36:47 Iron Casting
36:52 Conscription
38:19 Plate Barding Armor
38:47 Blast Furnace
38:52 Onager
43:31 Hoardings
46:13 Crenellations
52:01 Fletching
55:53 Bodkin Arrow
Okisan
0:27 Loom
12:15 Feudal Age
12:25 Double-Bit Axe
14:13 Man-at-Arms
14:39 Arson
20:03 Horse Collar
24:43 Castle Age
24:00 Pikeman
26:46 Stone Mining
28:20 Bow Saw
29:37 Long Swordsman
30:20 Squires
30:52 Squires
54:34 Wheelbarrow
59:56 Imperial Age
59:21 Fletching
60:38 Chemistry
60:31 Heavy Plow
61:23 Forced Levy
61:31 Two-Handed Swordsman
63:15 Forging
Zizzle4879
4:09 Loom
11:45 Feudal Age
12:06 Man-at-Arms
12:32 Arson
14:08 Forging
14:57 Horse Collar
21:09 Castle Age
19:43 Double-Bit Axe
29:19 Bow Saw
29:33 Heavy Plow
30:50 Town Watch
31:41 Wheelbarrow
32:14 Ballistics
38:22 Imperial Age
37:56 Husbandry
38:08 Bloodlines
38:04 Scale Barding Armor
38:03 Tusk Swords
38:42 Elite Battle Elephant
39:45 Chain Barding Armor
40:03 Iron Casting
39:50 Conscription
40:59 Plate Barding Armor
40:58 Heavy Scorpion
41:08 Light Cavalry
42:20 Double Crossbow
42:28 Siege Engineers
41:46 Hussar
45:16 Caravan
45:16 Gold Mining
49:09 Stone Mining
Rey de Copas
1:23 Loom
12:56 Feudal Age
13:49 Arson
15:01 Forging
14:53 Scale Mail Armor
21:26 Castle Age
19:44 Double-Bit Axe
20:50 Horse Collar
26:00 Iron Casting
35:57 Imperial Age
34:11 Wheelbarrow
34:14 Chain Mail Armor
33:52 Gambesons
34:08 Squires
34:44 Heavy Plow
36:26 Capped Ram
38:20 Blast Furnace
37:50 Plate Mail Armor
37:40 Siege Ram
39:36 Bagains
42:42 Conscription
52:05 Fletching
52:30 Padded Archer Armor
53:15 Bodkin Arrow
53:48 Leather Archer Armor
54:37 Chemistry
53:57 Ballistics
54:38 Bracer
55:03 Elite Skirmisher
64:02 Thumb Ring
Kwuuak
11:06 Feudal Age
14:52 Castle Age
13:10 Double-Bit Axe
13:51 Horse Collar
16:22 Loom
25:56 Wheelbarrow
28:03 Gold Mining
30:02 Hand Cart
36:07 Imperial Age
38:54 Bow Saw
38:56 Elite Janissary
41:17 Conscription
48:56 Heavy Plow
49:39 Caravan
50:06 Scale Mail Armor
54:01 Artillery
59:18 Squires
61:06 Fletching
iNeverCouldGetTheHangOfThursdays
1:51 Loom
14:38 Feudal Age
16:28 Wheelbarrow
16:52 Double-Bit Axe
19:40 Horse Collar
20:24 Fletching
23:45 Castle Age
25:24 Scale Mail Armor
31:08 Chain Mail Armor
30:58 Arson
32:32 Heavy Plow
33:31 Bow Saw
36:38 Stronghold
36:41 Town Watch
38:16 Hand Cart
41:36 Imperial Age
40:22 Bodkin Arrow
40:37 Forging
42:56 Iron Casting
42:52 Plate Mail Armor
42:47 Conscription
42:20 Capped Ram
44:41 Blast Furnace
44:19 Heavy Scorpion
45:05 Gold Mining
45:22 Elite Woad Raider
46:41 Masonry
47:55 Chemistry
48:05 Pikeman
49:24 Halberdier
51:38 Furor Celtica
52:21 Siege Ram
54:41 Siege Engineers
54:57 Ballistics
ValarM
11:14 Feudal Age
12:34 Wheelbarrow
11:53 Double-Bit Axe
12:07 Horse Collar
12:21 Town Watch
14:43 Forging
15:06 Scale Barding Armor
22:30 Castle Age
22:16 Loom
22:24 Gold Mining
22:38 Scale Mail Armor
23:35 Bloodlines
23:26 Husbandry
26:01 Hand Cart
25:47 Town Patrol
26:33 Gold Shaft Mining
27:27 Light Cavalry
29:25 Bow Saw
32:16 Stone Mining
39:41 Chain Mail Armor
39:46 Chain Barding Armor
43:52 Imperial Age
43:57 Pikeman
44:37 Squires
44:23 Arson
44:56 Forging
45:20 Halberdier
52:40 Man-at-Arms
52:45 Cavalier
52:46 Hussar
54:05 Plate Barding Armor
54:06 Iron Casting
53:34 Murder Holes
56:09 Elite Tarkan
61:53 Paladin
Tilldo
9:50 Feudal Age
12:20 Loom
12:38 Double-Bit Axe
15:09 Castle Age
13:12 Double-Bit Axe
13:40 Horse Collar
16:24 Bow Saw
18:11 Wheelbarrow
21:09 Heavy Plow
25:28 Stone Mining
25:32 Gold Mining
27:35 Gold Shaft Mining
31:07 Imperial Age
29:16 Hand Cart
29:32 Fletching
29:43 Padded Archer Armor
29:48 Town Watch
30:30 Ballistics
31:00 Bodkin Arrow
31:21 Leather Archer Armor
31:40 Town Patrol
32:42 Bracer
33:12 Ring Archer Armor
32:15 Elite Longbowman
34:04 Two-Man Saw
34:11 Yeomen
35:10 Conscription
36:00 Chemistry
35:10 Scale Barding Armor
35:18 Forging
35:10 Scale Mail Armor
38:10 Treadmill Crane
41:34 Chain Barding Armor
43:47 Warwolf
44:24 Hoardings
43:32 Sappers
44:19 Cranequins
44:22 Elite Skirmisher
44:23 Crossbowman
47:02 Caravan
62:12 Heated Shot
62:39 Siege Engineers
63:05 Arbalester
64:25 Plate Barding Armor
64:26 Iron Casting
64:06 Chain Mail Armor
64:40 Masonry
64:26 Murder Holes
64:21 Guard Tower
64:42 Fortified Wall
Connection lost

Rejoining the realm…

Still unreachable

The connection could not be restored.

Session expired

The server has moved on; the page needs a fresh start.